Map: [ESL] Alcyone

Players

Dolan

  • Race: Terran Terran
  • League: Master
  • Spawn Location: 7:00

LiquidElazer (Elazer) - Winner!

  • Race: Zerg Zerg
  • Spawn Location: 1:00

Event: HomeStory Cup XXIV

VOD

Have the link to the VOD?

Description

Time

  • Played on: Dec. 1, 2023, 6:35 a.m.
  • Length: 12:37

All games in this series

Show
View Real Time Build Order
Export as new Build Order

Dolan Terran 

Build Orders: Cyclone Opening 

Get SALT Encoding   

  12  0:00  SCV  
  13  0:12  SCV  
  14  0:17  Supply Depot  
  14  0:24  SCV  
  15  0:38  SCV  
  15  0:40  Barracks  
  16  0:51  SCV  
  16  0:52  Refinery  
  17  1:03  SCV  
  18  1:15  SCV  
  19  1:26  Marine  
  19  1:27  Orbital Command  
  20  1:36  Command Center  
  20  1:44  Marine  
  21  1:53  SCV  
  22  2:00  Factory  
  22  2:04  Supply Depot  
  22  2:05  SCV  
  23  2:11  Barracks Reactor  
  23  2:26  SCV  
  24  2:38  Command Center, SCV  
  25  2:48  Orbital Command  
  25  2:50  SCV  
  26  2:56  Cyclone x2  
  30  3:02  Barracks Tech Lab, SCV  
  31  3:14  SCV x2  
  31  3:15  Refinery  
  33  3:26  SCV x2  
  35  3:29  Hellion x2  
  35  3:33  Stimpack  
  39  3:38  SCV x2  
  41  3:50  Hellion, SCV x2  
  41  3:51  Hellion  
  41  3:53  Orbital Command  
  47  3:57  Engineering Bay x2  
  47  4:02  SCV x2  
  49  4:11  Hellion  
  49  4:12  Hellion, Supply Depot  
  49  4:15  SCV, Supply Depot  
  49  4:16  SCV  
  55  4:20  SCV  
  56  4:24  Terran Infantry Weapons Level 1, Terran Infantry Armor Level 1  
  56  4:31  SCV x2  
  58  4:32  SCV  
  58  4:35  Refinery  
  58  4:36  Refinery  
  59  4:43  SCV x2  
  59  4:44  SCV  
  59  4:45  Barracks  
  62  4:49  Factory Tech Lab  
  62  4:55  SCV x2  
  62  4:56  SCV  
  65  5:07  Barracks, Starport  
  65  5:08  Barracks  
  65  5:09  Barracks  
  65  5:12  Siege Tank  
  65  5:13  SCV x2  
  70  5:14  SCV  
  70  5:20  Combat Shield, Supply Depot  
  71  5:33  SCV x2  
  71  5:34  Marine  
  71  5:35  Marine x2  
  77  5:36  Orbital Command  
  77  5:42  Supply Depot  
  76  5:46  Starport Reactor  
  76  5:51  Supply Depot  
  76  5:52  SCV, Refinery  
  76  5:53  SCV  
  78  5:58  Barracks Reactor x3  
  78  5:59  Marine x3  
  78  6:00  Siege Tank  
  78  6:04  Armory  
  84  6:06  SCV x3  
  87  6:17  Barracks  
  87  6:18  Barracks, SCV x2  
  87  6:19  Barracks, SCV  
  87  6:22  Supply Depot  
  90  6:25  Marine  
  90  6:26  Marine x2  
  90  6:31  Medivac x2  
  97  6:35  SCV x2  
  97  6:37  Supply Depot  
  99  6:44  Siege Tank  
  102  6:50  SCV  
  102  6:53  Terran Infantry Weapons Level 2, Terran Infantry Armor Level 2, Supply Depot  
  103  6:55  Supply Depot  
  103  7:01  Supply Depot  
  103  7:03  Marine x4  
  103  7:04  Marine  
  103  7:05  Marine  
  109  7:09  Marine x2  
  109  7:10  Barracks Reactor  
  109  7:11  Barracks Reactor x2  
  109  7:12  Marine  
  112  7:16  Siege Tank  
  112  7:20  Supply Depot  
  115  7:23  Marine x6  
  115  7:27  Marine x2  
  115  7:29  Medivac x2  
  127  7:33  Marine  
  128  7:41  Marine x2  
  128  7:45  Marine x4  
  132  7:53  Marine x3  
  132  7:57  Marine  
  132  7:58  Marine x5  
  136  7:59  Siege Tank  
  136  8:01  Marine x2  
  136  8:03  Medivac x2, Marine  
  149  8:06  Supply Depot  
  149  8:07  Supply Depot x2  
  149  8:08  Marine x2, Supply Depot  
  149  8:09  Terran Vehicle Weapons Level 1  
  149  8:11  Marine x4  
  155  8:15  Marine x2  
  157  8:23  Supply Depot  
  157  8:27  Marine x8  
  157  8:30  Marine  
  157  8:31  Siege Tank, Marine x2  
  171  8:34  Marine x3  
  171  8:36  Marine  
  175  8:45  Marine x5  
  180  8:48  Medivac  
  177  8:57  Marine x6  
  177  8:58  Marine x2  
  177  9:02  Medivac  
  187  9:03  Siege Tank  
  153  9:12  Marine x7  
  153  9:15  Marine x6  
  162  9:18  Medivac  
  163  9:27  Marine x2  
  163  9:29  Marine  
  155  9:31  Marine x2  
  155  9:32  Marine x5  
  155  9:33  Marine  
  155  9:34  Medivac  
  155  9:35  Siege Tank, Marine x2  
  135  9:59  Marine x7  
  114  10:00  Marine  
  114  10:01  Marine x4, Medivac  
  114  10:07  Marine x3, Medivac  
  122  10:08  Siege Tank  
  126  10:17  Marine x6  
  126  10:18  Marine  
  126  10:19  Marine x2  
  126  10:21  Marine  
  126  10:22  Marine  
  126  10:25  Marine x3  
  117  10:31  Medivac  
  117  10:34  Marine  
  113  10:36  Medivac, Marine  
  113  10:40  Siege Tank  
  105  10:46  Marine  
  105  10:47  Marine x4  
  105  10:48  Marine x2  
  102  10:51  Marine x2  
  101  10:59  Marine x4  
  101  11:00  Marine  
  106  11:04  Marine x2  
  106  11:05  Marine x3  
  106  11:11  Marine, Medivac x2  
  115  11:13  Marine  
  117  11:22  Marine x8  
  125  11:25  Siege Tank  
  128  11:33  Marine x6  
  134  11:40  Marine x6  
  134  11:42  Medivac  
  134  11:43  Medivac  
  144  11:47  Marine  
  144  11:48  Marine  
  144  11:51  Marine x4  
  150  11:59  Marine x3  
  153  12:06  Marine x7  
  129  12:10  Marine x2  
  129  12:13  Marine  
  115  12:16  Marine  
  115  12:17  Marine x3  
Show
View Real Time Build Order
Export as new Build Order

LiquidElazer Zerg - Winner!

Build Orders: Hatch First 

Get SALT Encoding   

  12  0:00  Drone  
  13  0:12  Overlord  
  13  0:17  Drone  
  14  0:30  Drone x2  
  16  0:47  Hatchery  
  15  0:51  Drone  
  15  0:54  Drone  
  17  0:58  Drone  
  18  1:08  Extractor  
  17  1:14  Spawning Pool  
  17  1:16  Drone  
  17  1:20  Drone  
  18  1:27  Drone  
  19  1:39  Drone  
  20  1:49  Drone  
  21  2:01  Drone, Queen x2  
  22  2:02  Drone  
  27  2:09  Drone  
  28  2:16  Hatchery  
  28  2:21  Overlord  
  27  2:25  Drone  
  27  2:28  Metabolic Boost  
  28  2:39  Drone x3  
  28  2:42  Queen  
  33  2:46  Overlord  
  33  2:49  Drone  
  34  2:53  Drone  
  34  2:54  Drone  
  38  3:07  Overlord  
  38  3:09  Drone x4  
  38  3:11  Queen  
  42  3:16  Drone  
  43  3:23  Zergling x2  
  43  3:25  Queen  
  46  3:27  Queen  
  46  3:28  Drone  
  46  3:31  Drone  
  46  3:33  Overlord  
  50  3:40  Drone x5  
  55  3:43  Drone  
  55  3:46  Queen  
  58  3:49  Overlord  
  58  3:52  Drone x2  
  59  3:57  Zergling x6  
  62  4:04  Zergling x6  
  62  4:09  Queen  
  67  4:13  Zergling x2  
  67  4:14  Zergling x10  
  73  4:21  Lair  
  73  4:24  Overlord  
  73  4:37  Overlord  
  73  4:42  Queen  
  73  4:43  Drone x3  
  73  4:44  Drone x3  
  73  4:45  Hatchery  
  80  4:47  Drone  
  80  4:48  Overlord  
  81  4:56  Overlord  
  81  4:57  Drone x7  
  81  4:59  Extractor  
  87  5:00  Extractor  
  87  5:02  Roach Warren  
  87  5:03  Drone  
  87  5:05  Overlord  
  86  5:07  Drone  
  86  5:11  Spore Crawler  
  86  5:12  Spore Crawler  
  86  5:13  Drone, Spore Crawler  
  85  5:16  Overlord  
  85  5:17  Drone  
  85  5:18  Drone  
  87  5:25  Overlord  
  87  5:26  Drone x4  
  87  5:27  Drone, Extractor  
  87  5:28  Extractor  
  90  5:34  Overlord  
  90  5:36  Drone x2  
  90  5:39  Overlord  
  90  5:41  Drone x6, Glial Reconstitution  
  98  5:47  Evolution Chamber  
  98  5:48  Evolution Chamber  
  96  5:52  Overlord  
  96  5:57  Extractor  
  94  5:58  Drone x2  
  94  5:59  Roach x4  
  94  6:03  Drone  
  105  6:06  Roach  
  107  6:13  Roach x7  
  107  6:16  Drone  
  122  6:24  Roach x6  
  134  6:26  Zerg Melee Weapons Level 1  
  134  6:29  Zerg Ground Armor Level 1  
  134  6:34  Drone x5  
  134  6:36  Drone  
  140  6:40  Drone x5  
  145  6:48  Overlord  
  145  6:50  Drone x6  
  151  6:55  Baneling Nest  
  151  6:56  Infestation Pit, Ravager x3  
  151  6:58  Ravager  
  151  6:59  Ravager  
  154  7:02  Drone x5  
  154  7:05  Spore Crawler  
  158  7:11  Zergling x10  
  163  7:16  Overlord x3  
  163  7:20  Extractor  
  163  7:21  Extractor, Drone x3  
  163  7:22  Zergling x4  
  166  7:23  Zergling x2  
  167  7:34  Zergling x2  
  167  7:35  Zergling x18  
  177  7:42  Hatchery  
  177  7:43  Centrifugal Hooks  
  176  7:49  Hive  
  176  7:57  Drone x2  
  178  7:59  Spore Crawler  
  178  8:02  Overlord  
  178  8:05  Zergling x26, Hatchery  
  189  8:18  Baneling x19  
  189  8:22  Zergling x20  
  189  8:23  Zerg Melee Weapons Level 2, Zerg Ground Armor Level 2  
  199  8:34  Baneling x10  
  198  8:42  Overseer x2  
  193  8:56  Zergling x2  
  193  8:57  Zergling x22  
  193  9:01  Baneling x18  
  200  9:03  Adrenal Glands  
  178  9:12  Baneling x14  
  178  9:13  Zergling x26  
  177  9:20  Zergling x8  
  177  9:21  Baneling x18  
  181  9:25  Zergling x2  
  181  9:26  Zergling x2  
  174  9:32  Roach x10  
  192  9:48  Zergling x24  
  187  9:53  Zergling x6  
  187  9:57  Viper  
  187  9:58  Viper  
  183  10:00  Zergling x24  
  183  10:03  Burrow  
  183  10:05  Zergling x8, Spore Crawler  
  188  10:16  Zergling x10  
  188  10:17  Zergling x2  
  185  10:23  Zergling x8  
  178  10:29  Zergling x16  
  177  10:35  Zergling x2  
  177  10:36  Zergling x12  
  177  10:42  Zergling x6  
  173  10:47  Zergling x10  
  152  10:54  Zergling x8  
  142  11:03  Roach x7  
  154  11:05  Baneling x14  
  154  11:06  Baneling x3  
  154  11:07  Overseer x2  
  154  11:11  Zergling x14  
  161  11:18  Baneling x9  
  161  11:21  Zergling x16  
  161  11:23  Ravager x7  
  176  11:28  Zergling x14  
  183  11:33  Drone x3  
  183  11:36  Zergling x12  
  192  11:45  Zergling x6  
  185  12:08  Zergling x38  
  157  12:16  Zergling x6  
  158  12:23  Hatchery  
Tags
 
Add a new tag
Caveats
  • Supply blocks, unpowered buildings, or Contaminate may cause inaccurate times.
  • Supply counts are checked every 10 seconds.